AoeStats
← eu bata6625

Arabia

510216689Analyzed
3v3 RM · 4d ago on Sep 30, 2026· 65m 35s· 6 players
Game mode
Random Map
Map size
Normal (6 player)
Population
200
Speed
Normal
Resources
Standard
Victory
Conquest
Starting age
Dark Age
Ending age
Imperial Age
RankedLock teamsTeams togetherTeam positionsShared explorationLock speedFull tech treeHidden civsTurbo modeCheats
Victory
Defeat
🇦🇷 Teutons · Argentina
822
+18
🇦🇷 Chinese · Argentina
791
+20
🇦🇷 Franks · Argentina
775
+20
🇦🇷 Inca · Argentina
896
-20
🇦🇷 Poles · Argentina
888
-20
🇦🇷 Huns · Argentina
838
-18
CondorAlbino
11:53 Feudal Age
12:18 Double-Bit Axe
15:21 Horse Collar
16:27 Loom
19:00 Bloodlines
23:38 Castle Age
22:34 Forging
24:42 Bow Saw
25:08 Wheelbarrow
26:55 Husbandry
27:59 Fletching
29:38 Scale Mail Armor
33:20 Scale Barding Armor
33:11 Bodkin Arrow
37:08 Hand Cart
39:22 Chain Barding Armor
39:37 Iron Casting
39:18 Chain Mail Armor
44:20 Imperial Age
42:29 Elite Skirmisher
44:41 Ballistics
44:17 Murder Holes
46:13 Chemistry
46:42 Elite Obuch
47:28 Cavalier
48:21 Padded Archer Armor
52:36 Pikeman
53:17 Squires
55:10 Plate Mail Armor
55:41 Blast Furnace
54:41 Bracer
56:12 Leather Archer Armor
Djsanty8183
0:32 Loom
10:15 Feudal Age
12:56 Wheelbarrow
17:17 Town Watch
21:58 Forging
24:16 Gold Mining
24:08 Horse Collar
27:40 Castle Age
26:41 Scale Mail Armor
27:24 Double-Bit Axe
29:25 Fletching
29:41 Scale Barding Armor
29:55 Bow Saw
31:14 Elite Skirmisher
33:09 Bodkin Arrow
35:46 Marauders
36:27 Hand Cart
36:51 Ballistics
37:26 Chain Barding Armor
40:01 Thumb Ring
42:31 Imperial Age
42:41 Town Patrol
43:28 Gold Shaft Mining
42:45 Stone Mining
43:00 Squires
42:46 Arson
43:41 Iron Casting
44:03 Parthian Tactics
44:40 Husbandry
44:01 Cavalier
47:39 Elite Tarkan
50:08 Blast Furnace
49:55 Plate Barding Armor
49:23 Bracer
50:58 Two-Man Saw
50:00 Heavy Plow
51:46 Heavy Cavalry Archer
53:23 Pikeman
54:29 Halberdier
eu bata6625
8:01 Loom
10:15 Feudal Age
10:45 Double-Bit Axe
10:43 Horse Collar
20:48 Castle Age
18:14 Champi Runner
19:39 Gold Mining
20:43 Forging
24:49 Champi Warrior
25:31 Pikeman
37:38 Scale Mail Armor
45:09 Squires
47:11 Iron Casting
isaiasQ0
12:33 Feudal Age
13:46 Double-Bit Axe
15:47 Loom
16:15 Horse Collar
17:41 Gold Mining
17:47 Stone Mining
21:46 Castle Age
22:56 Pikeman
25:58 Forging
28:44 Stone Shaft Mining
29:30 Masonry
29:30 Fortified Wall
31:35 Iron Casting
31:03 Scale Mail Armor
36:23 Imperial Age
37:11 Heavy Plow
37:35 Bow Saw
40:41 Siege Engineers
42:24 Elite Teutonic Knight
44:58 Two-Man Saw
57:02 Crop Rotation
Flokeano
3:05 Loom
11:33 Feudal Age
15:12 Double-Bit Axe
16:50 Gold Mining
20:18 Castle Age
19:36 Scale Barding Armor
19:42 Forging
21:02 Husbandry
24:27 Iron Casting
25:12 Chain Barding Armor
32:28 Town Watch
39:54 Imperial Age
39:33 Gold Shaft Mining
38:51 Stone Mining
39:13 Bow Saw
39:41 Wheelbarrow
39:56 Cavalier
41:14 Plate Barding Armor
41:40 Blast Furnace
45:54 Paladin
48:38 Hand Cart
49:38 Conscription
53:50 Caravan
54:40 Town Patrol
62:27 Hoardings
MayMook
13:09 Feudal Age
14:15 Horse Collar
15:35 Fletching
17:29 Wheelbarrow
16:49 Gold Mining
16:46 Double-Bit Axe
19:30 Padded Archer Armor
19:49 Padded Archer Armor
23:48 Castle Age
23:52 Crossbowman
24:40 Thumb Ring
24:33 Bodkin Arrow
25:35 Gold Shaft Mining
25:51 Padded Archer Armor
27:38 Hand Cart
35:54 Leather Archer Armor
39:30 Imperial Age
42:10 Bow Saw
41:52 Stone Mining
42:36 Ring Archer Armor
42:06 Bracer
42:39 Ring Archer Armor
41:32 Arbalester
42:00 Elite Chu Ko Nu
43:03 Great Wall
46:57 Two-Man Saw
46:25 Rocketry
46:45 Heavy Plow
47:26 Heavy Rocket Cart
50:07 Chemistry
49:28 Ballistics
51:10 Heavy Scorpion
52:13 Bombard Tower
52:06 Masonry
54:43 Forging
54:34 Scale Mail Armor
58:59 Rocketry
62:05 Conscription
Connection lost

Rejoining the realm…

Still unreachable

The connection could not be restored.

Session expired

The server has moved on; the page needs a fresh start.